 Dungeon Crawl Stone Soup version 0.20.0-8-g6b59dc7 (webtiles) character file.

1369 Mesmaeker13 the Ducker (level 8, -1/52 HPs)
             Began as a Human Wizard on June 1, 2017.
             Was a Follower of Vehumet.
             Slain by an orc wizard
             ... wielding a +0 dagger
              (3 damage)
             ... on level 5 of the Dungeon.
             The game lasted 00:21:43 (8696 turns).

Mesmaeker13 the Ducker (Human Wizard)               Turns: 8696, Time: 00:21:44

Health: -1/52      AC:  4    Str:  4 (7)  XL:     8   Next: 97%
Magic:  10/12      EV: 14    Int: 24 (26) God:    Vehumet [*.....]
Gold:   310        SH:  0    Dex: 11 (12) Spells: 7/13 levels left

rFire    + . .     SeeInvis .   l - +5 scythe (flame)
rCold    + . .     Gourm    .   (shield currently unavailable)
rNeg     . . .     Faith    .   v - +2 robe {rC+ rF+}
rPois    .         Spirit   .   b - +0 hat
rElec    .         Reflect  .   (no cloak)
rCorr    .         Harm     .   (no gloves)
MR       .....                  (no boots)
Stlth    +++.......             (no amulet)
Regen    0.2/turn               t - ring of stealth
MPRegen  0.2/turn               (no ring)

@: brilliant
A: no striking features
a: Renounce Religion


You were on level 5 of the Dungeon.
You worshipped Vehumet.
Vehumet was aware of your devotion.
You were not hungry.

You visited 2 branches of the dungeon, and saw 6 of its levels.

You collected 310 gold pieces.

Inventory:

Hand Weapons
 a - a +0 vampiric dagger
 l - a +5 scythe of flaming (weapon)
 s - a +2 flail of protection
Missiles
 y - 2 javelins (quivered)
Armour
 b - a +0 hat (worn)
 g - a +0 helmet of intelligence
 v - a +2 robe of resistance (worn)
Jewellery
 t - a ring of stealth (left hand)
Scrolls
 f - 2 scrolls of immolation
 k - a scroll of amnesia {unknown}
 n - 2 scrolls of recharging {unknown}
 r - 3 scrolls of remove curse
 u - a scroll of teleportation
Potions
 d - a potion of brilliance
 e - a potion of haste {unknown}
 h - 2 potions of magic
 i - 2 potions of flight
 q - 7 potions of degeneration
 z - 2 potions of might {unknown}
Books
 c - a book of Minor Magic

   Spells                             Type                      Level
   a - Magic Dart                     Conjuration                  1
   b - Blink                          Translocation                2
   c - Call Imp                       Summoning                    2
   d - Slow                           Hexes                        2
   e - Conjure Flame                  Conjuration/Fire             3
   f - Mephitic Cloud                 Conjuration/Poison/Air       3
 B - a book of Cantrips

   Spells                             Type                      Level
   a - Confusing Touch                Hexes                        1
   b - Animate Skeleton               Necromancy                   1
   c - Summon Small Mammal            Summoning                    1
   d - Apportation                    Translocation                1
Comestibles
 m - 3 chunks of flesh
 o - 3 meat rations
 p - a royal jelly
 x - 3 bread rations


   Skills:
 + Level 5.9 Dodging
 - Level 2.0 Stealth
 + Level 3.2 Spellcasting
 + Level 5.0 Conjurations
 - Level 3.6 Summonings
   Level 1.0 Translocations
 - Level 3.0 Air Magic
 + Level 4.5 Poison Magic


You had 7 spell levels left.
You knew the following spells:

 Your Spells              Type           Power        Failure   Level  Hunger
a - Magic Dart            Conj           ####         1%          1    None
b - Call Imp              Summ           #####...     1%          2    ##.....
c - Mephitic Cloud        Conj/Pois/Air  #####...     1%          3    ###....


Dungeon Overview and Level Annotations

Branches:
Dungeon (5/15)             Temple (1/1) D:4

Altars:
Gozag
Hepliaklqana
Makhleb
Nemelex Xobeh
Okawaru
Qazlal
Sif Muna
Trog
Uskayaw
Vehumet
Yredelemnul
Zin


Message History

Something barely misses you.
Your iron imp hits something!
Something hits your iron imp but does no damage.
You miss something. Something hits you but does no damage. Something hits you.
* * * LOW HITPOINT WARNING * * *
Your iron imp closely misses something.
Something hits you.
* * * LOW HITPOINT WARNING * * *
Unknown command.
You barely miss something.
Your crimson imp disappears in a puff of smoke!
You hear some strange, mumbled words.
A puff of frost appears from out of thin air!
The puff of frost hits you! You resist.
* * * LOW HITPOINT WARNING * * *
Your iron imp barely misses something.
Something hits you.
* * * LOW HITPOINT WARNING * * *
Your iron imp hits something.
Something hits you but does no damage.
You closely miss something. Something hits you.
* * * LOW HITPOINT WARNING * * *
Something hits you.
You die...

#.############# #.# ..# #.#
########.# #.# #......#.#
############ #.## #.#....#.####
...........# #.##.#.#รท###......
...#######.#####[##.#..........(.
..............<#.##..o#.##.......
....#..#.#.#####@##..<#.##.......
)##.#..#.#.# #{##..##.##....?..
.).....#.#.# #5##......#.#.....
##..####.#.# #[###.5...#.######
.........#.#####)()..........####
.(..........).)..[...............
###..#####.#############.#.#.####
...........# #.#.#.# .###.#####.#
#.#.#.#


You could see a friendly iron imp.

Vanquished Creatures
  Eustachio (D:4)
  Menkaure (D:5)
  An ice beast (D:5)
  2 ogres (D:5)
  A bullfrog zombie (D:5)
  3 hounds
  3 orc priests
  6 orc wizards
  An iguana (D:4)
  Natasha (thrice) (D:2 D:1)
  A hound skeleton (D:5)
  A worker ant zombie (D:5)
  10 adders
  2 gnolls (D:2)
  A shadow imp (D:5)
  An adder skeleton (D:5)
  A worm (D:4)
  2 dart slugs (D:1)
  5 leopard geckos
  27 orcs
  2 ball pythons
  4 giant cockroaches
  9 goblins
  11 hobgoblins
  8 jackals
  4 kobolds
  3 quokkas
  11 bats
  4 frilled lizards
  A quokka skeleton (D:4)
  8 rats
138 creatures vanquished.

Vanquished Creatures (collateral kills)
  Sigmund (D:3)
  A bullfrog zombie (D:5)
  An orc wizard (D:3)
  2 orcs (D:3)
  A kobold (D:2)
  A bat (D:2)
7 creatures vanquished.

Grand Total: 145 creatures vanquished

Notes
Turn   | Place    | Note
-------+----------+-------------------------------------------
     0 | D:1      | Mesmaeker13 the Human Wizard began the quest for the Orb.
     0 | D:1      | Reached XP level 1. HP: 13/13 MP: 4/4
   364 | D:1      | Reached XP level 2. HP: 3/19 MP: 1/6
   985 | D:1      | Reached XP level 3. HP: 24/24 MP: 5/7
  1414 | D:1      | You fall through a shaft!
  1441 | D:2      | Learned a level 2 spell: Call Imp
  2059 | D:2      | Reached XP level 4. HP: 27/30 MP: 2/8
  2152 | D:2      | Noticed Natasha
  2160 | D:2      | Killed Natasha
  2462 | D:2      | Learned a level 3 spell: Mephitic Cloud
  2655 | D:2      | Noticed Natasha
  2894 | D:1      | Killed Natasha
  2894 | D:1      | Reached XP level 5. HP: 35/35 MP: 1/9
  3332 | D:1      | Noticed Natasha
  3367 | D:1      | Killed Natasha
  3479 | D:3      | Noticed Sigmund
  4412 | D:3      | Reached skill level 1 in Poison Magic
  5059 | D:2      | Reached XP level 6. HP: 29/41 MP: 4/10
  5310 | D:3      | Killed Sigmund
  5793 | D:3      | Reached XP level 7. HP: 32/46 MP: 8/11
  5940 | D:4      | Noticed Eustachio
  6124 | D:4      | Killed Eustachio
  6421 | D:4      | Found a staircase to the Ecumenical Temple.
  6439 | Temple   | Entered the Ecumenical Temple
  6484 | Temple   | Became a worshipper of Vehumet
  7223 | D:5      | Entered Level 5 of the Dungeon
  7242 | D:5      | Reached skill level 5 in Dodging
  7590 | D:5      | Reached skill level 1 in Air Magic
  7723 | D:5      | Reached XP level 8. HP: 52/52 MP: 7/12
  8198 | D:5      | Reached * piety under Vehumet
  8198 | D:5      | Offered knowledge of Shock by Vehumet.
  8221 | D:5      | Noticed Menkaure
  8242 | D:5      | Killed Menkaure
  8651 | D:5      | Reached skill level 5 in Conjurations
  8696 | D:5      | HP: 2/52 [something (2)]
  8696 | D:5      | Slain by an orc wizard

Skill      XL: |  1  2  3  4  5  6  7  8 |
---------------+-------------------------+-----
Dodging        | 3 4 5 |  5.9
Conjurations   | 2 3 4 5 |  5.0
Summonings     | 2 3 |  3.6
Poison Magic   | 1 2 3 4 |  4.5
Air Magic      | 1 3 |  3.0
Stealth        | |  2.0
Spellcasting   | |  3.2
Translocations | |  1.0

Action                   |  1- 3 |  4- 6 |  7- 9 || total
-------------------------+-------+-------+-------++-------
Melee: Unarmed           |    19 |       |       ||    19
       Club              |    46 |       |       ||    46
       Dagger            |     3 |    91 |       ||    94
       Scythe            |       |    23 |   180 ||   203
 Cast: Magic Dart        |    65 |    88 |    28 ||   181
       Call Imp          |     2 |    15 |    12 ||    29
       Mephitic Cloud    |       |    13 |    14 ||    27
  Use: Scroll            |     4 |     2 |     2 ||     8
       Potion            |     2 |     2 |     3 ||     7
 Stab: Confused          |       |     6 |     4 ||    10
       Sleeping          |       |       |     5 ||     5
       Distracted        |       |       |     2 ||     2
  Eat: Chunk             |     4 |     9 |    11 ||    24
       Bread ration      |       |     1 |       ||     1
Armor: Robe              |    43 |    18 |    30 ||    91
Dodge: Dodged            |    96 |    92 |   178 ||   366
